Map: Simulacrum LE

Players

Scarlett

  • Race: Zerg Zerg
  • Spawn Location: 5:00

AGOElazer (Elazer) - Winner!

  • Race: Zerg Zerg
  • League: Master
  • Spawn Location: 11:00

VOD

Have the link to the VOD?

Description

Time

  • Played on: Jan. 14, 2020, 1 p.m.
  • Length: 10:14
Show
View Real Time Build Order
Export as new Build Order

Scarlett Zerg 

Build Orders: Hatch First 

Get SALT Encoding   

  12  0:00  Drone  
  13  0:12  Overlord  
  13  0:17  Drone  
  14  0:30  Drone x2  
  16  0:47  Hatchery  
  15  0:51  Drone  
  15  0:54  Drone  
  17  0:57  Drone  
  18  1:08  Extractor  
  17  1:12  Spawning Pool  
  17  1:16  Drone  
  17  1:20  Drone  
  18  1:27  Drone  
  19  1:39  Drone  
  20  1:49  Drone  
  21  1:59  Queen x2  
  21  2:00  Drone  
  21  2:01  Overlord  
  26  2:08  Metabolic Boost  
  26  2:10  Drone  
  26  2:11  Drone  
  28  2:22  Drone x2  
  30  2:33  Hatchery  
  30  2:36  Drone  
  30  2:38  Drone  
  30  2:44  Zergling x2, Overlord  
  32  2:50  Baneling Nest  
  31  2:54  Zergling x4  
  33  3:04  Drone x2  
  35  3:08  Drone x4  
  35  3:12  Drone x2  
  41  3:17  Overlord  
  41  3:22  Queen  
  41  3:26  Drone  
  44  3:38  Drone x4  
  44  3:40  Drone  
  44  3:41  Drone x3  
  52  3:46  Baneling  
  52  3:49  Drone x2  
  52  3:52  Evolution Chamber  
  52  3:55  Drone x3, Overlord  
  54  3:56  Baneling  
  54  3:58  Extractor  
  55  4:07  Overlord  
  55  4:08  Drone x2  
  57  4:12  Roach Warren  
  57  4:16  Drone x5  
  61  4:20  Extractor  
  61  4:21  Zerg Missile Weapons Level 1  
  60  4:29  Drone x4  
  64  4:35  Drone x2, Overlord  
  65  4:38  Extractor  
  65  4:41  Lair  
  65  4:45  Drone x6  
  68  4:51  Pneumatized Carapace  
  68  4:52  Overlord  
  70  4:55  Extractor  
  70  4:58  Drone x2  
  71  5:00  Extractor  
  71  5:03  Overlord  
  71  5:04  Drone x7  
  77  5:15  Roach  
  77  5:16  Roach x2  
  77  5:18  Roach  
  77  5:20  Roach x2  
  89  5:26  Roach  
  89  5:27  Roach  
  93  5:29  Roach  
  93  5:30  Roach  
  93  5:33  Hatchery  
  93  5:35  Overlord x2  
  96  5:39  Overseer x2  
  96  5:40  Glial Reconstitution  
  96  5:49  Overlord x3  
  96  5:53  Roach  
  98  6:08  Drone  
  98  6:09  Queen x3  
  98  6:10  Drone x2  
  107  6:11  Hydralisk Den, Drone x2  
  107  6:12  Drone  
  107  6:14  Roach x4  
  107  6:17  Zerg Missile Weapons Level 2  
  117  6:19  Roach  
  119  6:29  Spore Crawler  
  119  6:30  Spore Crawler  
  119  6:31  Spore Crawler  
  119  6:32  Spore Crawler  
  115  6:38  Spore Crawler, Roach  
  115  6:39  Roach x7  
  130  6:44  Overlord  
  130  6:45  Spore Crawler, Overlord  
  131  6:52  Spore Crawler  
  130  6:57  Hydralisk x2  
  130  6:58  Overlord x3  
  130  7:00  Grooved Spines  
  134  7:09  Roach x4  
  134  7:12  Overlord x2  
  138  7:24  Roach x5  
  138  7:25  Roach x2  
  158  7:36  Hydralisk x7  
  152  7:38  Ravager  
  167  7:50  Ravager  
  167  7:51  Roach x2  
  169  7:53  Overlord x2  
  169  8:06  Overlord  
  169  8:11  Muscular Augments  
  171  8:13  Roach x5  
  171  8:16  Roach  
  168  8:20  Roach  
  168  8:23  Roach  
  168  8:25  Roach  
  144  8:29  Roach  
  124  8:34  Roach  
  124  8:35  Roach x3  
  124  8:38  Roach x4  
  124  8:41  Roach  
  111  8:45  Roach x4  
  111  8:49  Queen x2  
  111  8:53  Roach  
  119  8:55  Roach  
  119  8:56  Roach  
  119  8:57  Ravager x2  
  119  8:58  Overseer, Roach  
  125  9:06  Roach x2  
  128  9:17  Roach  
  128  9:18  Roach x2  
  128  9:23  Roach  
  128  9:24  Queen  
  128  9:25  Queen x2  
  128  9:29  Roach x4  
  122  9:32  Roach  
  109  9:44  Roach  
  109  9:45  Roach x3  
  105  9:49  Roach  
  97  9:54  Roach x2  
Show
View Real Time Build Order
Export as new Build Order

AGOElazer Zerg - Winner!

Build Orders: Hatch First 

Get SALT Encoding   

  12  0:00  Drone  
  13  0:12  Overlord  
  13  0:17  Drone  
  14  0:31  Drone x2  
  16  0:48  Hatchery  
  15  0:51  Drone  
  15  0:55  Drone  
  17  0:59  Drone  
  18  1:11  Extractor  
  17  1:14  Spawning Pool  
  17  1:17  Drone  
  17  1:20  Drone  
  18  1:27  Drone  
  19  1:38  Drone  
  20  1:49  Drone  
  21  2:00  Queen x2, Drone  
  21  2:01  Overlord  
  26  2:10  Metabolic Boost  
  26  2:11  Drone  
  26  2:13  Zergling x2  
  28  2:22  Drone x2  
  30  2:32  Drone  
  30  2:36  Hatchery  
  30  2:39  Drone  
  30  2:44  Drone x2  
  33  2:52  Baneling Nest  
  33  2:53  Overlord  
  33  2:55  Drone  
  33  3:06  Drone x2  
  33  3:08  Drone, Overlord  
  33  3:12  Queen  
  38  3:14  Drone  
  38  3:16  Zergling x2  
  38  3:18  Zergling x2  
  41  3:21  Drone  
  41  3:22  Drone  
  41  3:24  Zergling x2  
  44  3:29  Drone  
  44  3:30  Extractor, Drone  
  45  3:36  Baneling  
  45  3:37  Drone  
  45  3:38  Drone  
  45  3:40  Drone x2  
  45  3:41  Drone  
  50  3:42  Drone x2  
  50  3:48  Drone x2  
  54  3:52  Lair  
  54  3:56  Overlord  
  54  3:57  Drone  
  54  4:00  Evolution Chamber  
  54  4:01  Drone  
  54  4:07  Zergling x4  
  56  4:10  Zergling x2  
  56  4:14  Overlord  
  57  4:17  Drone x4  
  57  4:20  Drone  
  57  4:24  Drone x3  
  64  4:27  Extractor  
  64  4:31  Drone x2  
  66  4:32  Zerg Missile Weapons Level 1  
  66  4:37  Extractor  
  65  4:39  Overlord  
  65  4:40  Drone x2, Roach Warren  
  65  4:42  Drone  
  67  4:46  Drone x3  
  67  4:49  Overlord  
  70  4:53  Spire  
  70  4:57  Extractor  
  70  4:59  Drone x2  
  71  5:00  Extractor, Drone  
  71  5:01  Drone  
  71  5:03  Drone  
  71  5:04  Drone x3  
  71  5:06  Overseer  
  75  5:07  Overlord  
  75  5:11  Drone  
  75  5:16  Drone  
  75  5:17  Overlord  
  75  5:20  Drone x2, Overlord  
  78  5:24  Glial Reconstitution  
  78  5:26  Roach x2  
  78  5:27  Roach  
  84  5:34  Overlord  
  84  5:35  Roach x3  
  90  5:48  Overlord  
  90  5:49  Roach x3  
  98  5:50  Roach  
  98  5:54  Overlord  
  98  5:59  Overlord  
  98  6:00  Hatchery  
  97  6:04  Mutalisk x5  
  97  6:07  Mutalisk  
  97  6:09  Overlord  
  109  6:13  Roach x2  
  109  6:16  Overlord  
  109  6:17  Roach  
  115  6:20  Roach  
  115  6:23  Roach x2  
  121  6:27  Overlord  
  121  6:33  Roach x5  
  121  6:35  Overlord  
  121  6:39  Overlord  
  131  6:44  Overlord  
  131  6:45  Roach x3  
  137  6:48  Roach  
  137  6:49  Roach  
  137  6:52  Roach x2  
  137  6:53  Roach  
  147  6:57  Roach  
  149  7:02  Roach x2  
  149  7:07  Burrow  
  153  7:09  Roach  
  153  7:10  Ravager x2  
  153  7:11  Ravager x3  
  153  7:13  Roach x4  
  168  7:19  Roach x3  
  170  7:26  Roach x5  
  179  7:34  Roach x4  
  197  7:44  Roach x6  
  197  7:50  Roach x3  
  197  7:53  Ravager  
  196  7:59  Ravager  
  196  8:00  Ravager  
  196  8:04  Ravager  
  199  8:09  Roach  
  183  8:22  Roach x11  
  183  8:26  Roach  
  183  8:27  Roach  
  177  8:33  Roach x5  
  172  8:38  Roach x3  
  155  8:46  Roach  
  155  8:47  Roach x4  
  151  8:57  Roach  
  151  8:59  Roach x2  
  151  9:02  Overlord  
  157  9:06  Roach x4  
  165  9:15  Roach x4  
  165  9:16  Roach x2  
  173  9:23  Roach x4  
  170  9:26  Roach x3  
  170  9:29  Roach  
  160  9:34  Roach  
  160  9:35  Roach x2  
  149  9:39  Roach x5  
  149  9:44  Roach x2  
  149  9:50  Roach x4  
  143  10:12  Ravager x2  
Tags
 
Add a new tag
Caveats
  • Supply blocks, unpowered buildings, or Contaminate may cause inaccurate times.
  • Supply counts are checked every 10 seconds.